 Dungeon Crawl Stone Soup version 0.25-a0-834-g55863b0b92 (webtiles) character file.

Game seed: 3147001026396852905, levelgen mode: deterministic

5698 kae the Grappler (level 10, -3/71 HPs)
             Began as a Purple Draconian Transmuter on Apr 22, 2020.
             Was an Initiate of Wu Jian.
             Killed by divine providence
             ... invoked by an orc priest
              (13 damage)
             ... on level 8 of the Dungeon.
             The game lasted 00:11:40 (12281 turns).

kae the Grappler (Purple Draconian Transmuter)     Turns: 12281, Time: 00:11:40

Health: -3/71      AC:  2    Str: 16    XL:     10   Next: 47%
Magic:  23/23      EV: 21    Int: 14    God:    Wu Jian [......]
Gold:   453        SH:  0    Dex: 16    Spells: 10/27 levels left

rFire    . . .     SeeInvis .     - Unarmed
rCold    . . .     Gourm    .   (shield currently unavailable)
rNeg     . . .     Faith    .   (armour unavailable)
rPois    .         Spirit   .   (helmet currently unavailable)
rElec    .         Reflect  .   (cloak currently unavailable)
rCorr    .         Harm     .   (gloves currently unavailable)
MR       +....                  (boots currently unavailable)
Stlth    +.........             (no amulet)
HPRegen  0.21/turn              u - ring of poison resistance
MPRegen  0.18/turn              b - +2 ring of evasion

@: spider-form (expiring)
A: tiny, (breathe power), unfitting armour, sense surroundings 1, AC +7
a: End Transformation, Renounce Religion


You were on level 8 of the Dungeon.
You worshipped Wu Jian.
Wu Jian was noncommittal.
You were not hungry.
You were a venomous arachnid creature.
You visited 2 branches of the dungeon, and saw 9 of its levels.
You also visited: Sewer.

You collected 453 gold pieces.

Inventory:

Hand Weapons
 f - a +3 short sword of freezing (melded)
Missiles
 a - 144 arrows
Jewellery
 b - a +2 ring of evasion (right front leg)
 j - an uncursed ring of protection from cold
 u - a ring of poison resistance (left front leg)
Wands
 e - a wand of acid (14)
 h - a wand of paralysis (4)
 o - a wand of polymorph (7)
 t - a wand of random effects (25)
Scrolls
 g - a scroll of enchant weapon
 l - 5 scrolls of teleportation
 n - a scroll of magic mapping
 r - a scroll of remove curse
 v - 2 scrolls of identify
 y - a scroll of fear
 z - a scroll of amnesia
 A - a scroll of random uselessness {unknown}
Potions
 d - 2 potions of heal wounds
 i - 3 potions of mutation
 k - 3 potions of curing
 m - a potion of might
 p - a potion of lignification
 q - 3 potions of flight
 s - a potion of ambrosia
 w - a potion of magic
Comestibles
 c - 19 rations
 x - 2 chunks of flesh


   Skills:
 - Level 1.1 Fighting
 - Level 1.7 Dodging
 * Level 11.4 Unarmed Combat
 + Level 9.0 Spellcasting
 + Level 8.1 Transmutations


You had 10 spell levels left.
You knew the following spells:

 Your Spells              Type           Power        Failure   Level  Hunger
a - Beastly Appendage     Tmut           ####..       3%          1    None
b - Sticks to Snakes      Tmut           ####....     4%          2    None
c - Spider Form           Tmut/Pois      ###.......   17%         3    ##.....
d - Ice Form              Ice/Tmut       ###.....     43%         4    ####...
e - Blade Hands           Tmut           ####......   26%         5    #####..
f - Swiftness             Chrm/Air       #.......     36%         2    None

Your spell library contained the following spells:

 Spells                   Type           Power        Failure   Level  Hunger
 Shock                    Conj/Air       #...         28%         1    None
 Static Discharge         Conj/Air       #.......     56%         3    ##.....
 Airstrike                Air            #.........   89%         4    ####...
 Lightning Bolt           Conj/Air       #.........   99%         5    #####..


Dungeon Overview and Level Annotations

Branches:
Dungeon (8/15)             Temple (1/1) D:7           Sewer (visited)
   Lair: D:8-11

Altars:
Ashenzari
Cheibriados
Dithmenos
Elyvilon
Gozag
Hepliaklqana
Kikubaaqudgha
Makhleb
Nemelex Xobeh
Okawaru
Qazlal
Ru
Sif Muna
Trog
Uskayaw
Vehumet
Wu Jian
Xom
Yredelemnul
Zin
The Shining One


Innate Abilities, Weirdness & Mutations

((You can breathe bolts of dispelling energy.))
((Your rich purple scales are hard. (AC +7)))
You cannot fit into any form of body armour.
((You are cold-blooded and may be slowed by cold attacks.))
((You have large cloven feet.))
You passively map a small area around you.


Message History

The orc priest invokes the aid of Beogh against you.
Beogh smites you! The orc hits you with a +0 club!
You hit the orc.
The orc is poisoned.
The orc is severely wounded.
You kill the orc!
The Council accepts your kill.
An orc comes into view. It is wielding a +0 dagger.
You closely miss the orc.
The orc priest calls down the wrath of Beogh upon you.
Beogh smites you!
* * * LOW HITPOINT WARNING * * *
The orc hits you with a +0 dagger.
* * * LOW HITPOINT WARNING * * *
An orc comes into view.
You bite the orc!
You kill the orc!
The Council accepts your kill.
The orc priest invokes the aid of Beogh against you.
Beogh smites you!
You die...

...# #.## ## * #.#######.. #
o #.......#.# #o ######### *
#######.#.# #o #.........
#######.#.#.##o###.........
...............>...........
#######.#.#....))..........
........#.# #...s..!.......
##.#.###....#..............
.#.#...#..#................
.#.#...#..#.##.............
,
)...#..#...,.+.............*
.#..#..#.##.##.............
.##....#.# .##.............
* .......#, #.............
###...... *####.#.#######
##.#


You could see an orc priest and 2 orcs.

Vanquished Creatures
  Harold (D:7)
  Pikel (D:5)
  Maurice (D:8)
  A hippogriff (D:8)
  Grinder (D:5)
  Eustachio (D:5)
  4 hogs (D:7)
  A human (D:7)
  A water moccasin (D:6)
  A sky beast (D:8)
  2 orc warriors
  2 ice beasts (D:7)
  3 slaves (D:5)
  A black bear (D:6)
  5 ogres
  5 centaurs
  5 big kobolds (Sewer)
  A bullfrog (D:8)
  A wyvern skeleton (D:7)
  A scorpion (D:4)
  A wight (D:6)
  7 crimson imps
  2 hounds
  2 orc priests
  A gnoll shaman (D:6)
  3 bullfrog skeletons
  A centaur skeleton (D:8)
  Natasha (thrice) (D:3)
  3 iguanas
  4 worker ants
  6 adders
  7 gnolls
  3 river rats (Sewer)
  3 oozes (Sewer)
  An adder zombie (D:7)
  An adder skeleton (D:6)
  8 worms
  7 leopard geckos
  33 orcs
  5 ball pythons
  2 giant cockroaches
  7 goblins
  7 hobgoblins
  7 jackals
  5 quokkas
  A ball python zombie (D:5)
  10 bats
  6 frilled lizards
  18 kobolds
  A quokka skeleton (D:6)
  A quokka zombie (D:7)
  6 rats
211 creatures vanquished.

Notes
Turn   | Place    | Note
-------+----------+-------------------------------------------
     0 | D:1      | kae the Draconian Transmuter began the quest for the Orb.
     0 | D:1      | Reached XP level 1. HP: 16/16 MP: 3/3
    97 | D:1      | Reached XP level 2. HP: 21/23 MP: 3/5
   983 | D:1      | Reached XP level 3. HP: 24/28 MP: 4/6
  1801 | D:2      | Found a shattered altar of Ashenzari.
  2076 | D:2      | Reached skill level 4 in Unarmed Combat
  2194 | D:2      | Learned a level 2 spell: Sticks to Snakes
  2198 | D:2      | Learned a level 3 spell: Spider Form
  2284 | D:3      | Reached XP level 4. HP: 35/35 MP: 3/7
  2566 | D:3      | Found a glowing drain.
  2576 | D:3      | Reached XP level 5. HP: 23/40 MP: 1/9
  2635 | Sewer    | Entered a sewer
  2978 | Sewer    | Reached skill level 5 in Unarmed Combat
  2978 | Sewer    | Reached XP level 6. HP: 39/47 MP: 3/11
  3891 | Sewer    | Reached skill level 6 in Unarmed Combat
  3985 | Sewer    | Your scales start taking on a rich purple colour.
  3985 | Sewer    | Reached XP level 7. HP: 44/52 MP: 11/14
  4310 | D:3      | Noticed Natasha
  4320 | D:3      | Killed Natasha
  4643 | D:3      | Noticed Natasha
  4657 | D:3      | Killed Natasha
  4760 | D:3      | Noticed Natasha
  4769 | D:3      | Killed Natasha
  5437 | D:4      | Reached skill level 5 in Spellcasting
  5755 | D:4      | Found a hazy altar of Hepliaklqana.
  6210 | D:4      | Reached skill level 7 in Unarmed Combat
  6273 | D:4      | Found a glowing golden altar of the Shining One.
  6274 | D:4      | Found a snail-covered altar of Cheibriados.
  6353 | D:4      | Reached skill level 5 in Transmutations
  6353 | D:4      | Reached XP level 8. HP: 44/59 MP: 12/16
  6405 | D:4      | Found an ancient bone altar of Kikubaaqudgha.
  6455 | D:5      | Entered Level 5 of the Dungeon
  6586 | D:5      | Noticed Grinder
  6592 | D:5      | Paralysed by Grinder for 6 turns
  6606 | D:5      | Killed Grinder
  6909 | D:5      | Found a snail-covered altar of Cheibriados.
  6920 | D:5      | Reached skill level 8 in Unarmed Combat
  7040 | D:5      | Noticed Eustachio
  7053 | D:5      | Killed Eustachio
  8057 | D:5      | Noticed Pikel
  8086 | D:5      | Killed Pikel
  8086 | D:5      | Reached skill level 9 in Unarmed Combat
  8086 | D:5      | Reached XP level 9. HP: 61/64 MP: 16/19
  8224 | D:6      | HP: 2/64 [water moccasin (9)]
  8230 | D:6      | Gained mutation: You passively map a small area around you.
                  | [potion of mutation]
  8230 | D:6      | Gained mutation: You have large cloven feet. [potion of
                  | mutation]
  9238 | D:6      | Found a bloodstained altar of Trog.
  9239 | D:6      | Found an iron altar of Okawaru.
  9629 | D:7      | Noticed Harold
  9679 | D:7      | Learned a level 4 spell: Ice Form
  9685 | D:7      | Learned a level 5 spell: Blade Hands
  9688 | D:7      | Learned a level 2 spell: Swiftness
  9696 | D:7      | Found a staircase to the Ecumenical Temple.
  9784 | Temple   | Entered the Ecumenical Temple
  9982 | Temple   | Became a worshipper of the Wu Jian Council
 10044 | D:7      | Found a radiant altar of Vehumet.
 10194 | D:7      | Found a shimmering blue altar of Sif Muna.
 10250 | D:7      | Found a sparkling altar of Nemelex Xobeh.
 10265 | D:7      | HP: 3/64 [Harold/+1 battleaxe of freezing (8)]
 10268 | D:7      | Killed Harold
 10268 | D:7      | Reached skill level 10 in Unarmed Combat
 10636 | D:7      | Reached XP level 10. HP: 57/71 MP: 17/22
 11433 | D:7      | Reached skill level 11 in Unarmed Combat
 11831 | D:8      | Found a shimmering altar of Xom.
 11862 | D:8      | Noticed Maurice
 11882 | D:8      | Killed Maurice
 12281 | D:8      | Killed from afar by an orc priest

Levels and vault maps discovered:
D:1:      matt_arrival_refuge, layout_loops_ring, minmay_misc_feat_x
D:2:      layout_loops_ring, lemuel_crystal_altar, first_ration, st_stairs_8,
          serial_park_tiny_2
D:3:      layout_rooms, cheibrodos_sewer_entry_sluice, uniq_natasha
D:4:      layout_rooms, minitemple, kennysheep_mini,
          nicolae_overflow_crystal_walls
D:5:      layout_loops_corners, basic_altar, uniq_grinder, uniq_pikel,
          uniq_eustachio
D:6:      layout_loops_ring, grunt_temple_overflow_bloody_war, minmay_checkerbox
D:7:      layout_loops_corners, led_sif_pool, lemuel_doored_altar,
          nemelex_xobeh_ov_fountains_minmay, minmay_temple_entry_glassed_door,
          minmay_misc_feat_rugged, grunt_livestock, uniq_harold
D:8:      layout_basic, xom_teletrap_fun, lemuel_coloured_pillars_altar,
          special_room [special_room_orc], minmay_increasing_density,
          uniq_maurice
Temple:   dpeg_chambers_temple

Skill      XL: |  1  2  3  4  5  6  7  8  9 10 |
---------------+-------------------------------+-----
Unarmed Combat | 4 5 6 7 9 10 11 | 11.4
Transmutations | 3 4 5 6 7 8 |  8.1
Spellcasting   | 3 4 5 7 8 9 |  9.0
Fighting       | |  1.1
Dodging        | |  1.7

Action                   |  1- 3 |  4- 6 |  7- 9 | 10-12 || total
-------------------------+-------+-------+-------+-------++-------
Melee: Unarmed           |    39 |   120 |   257 |    92 ||   508
       Kick              |    15 |       |    11 |    15 ||    41
       Tailslap          |    12 |     2 |    16 |     6 ||    36
       Short sword       |    86 |    72 |   136 |    33 ||   327
       Headbutt          |     3 |       |       |       ||     3
       Punch             |     3 |     1 |     5 |     1 ||    10
 Cast: Beastly Appendage |    26 |       |     5 |       ||    31
       Spider Form       |     2 |    13 |    41 |     9 ||    65
       Blade Hands       |       |       |     2 |     1 ||     3
Invok: Lunge             |       |       |       |     6 ||     6
 Abil: Breathe Dispellin |       |       |     5 |       ||     5
  Use: Scroll            |     3 |       |    13 |     1 ||    17
       Potion            |       |     3 |     4 |       ||     7
  Eat: Chunk             |     5 |     5 |    19 |     3 ||    32
       Ration            |       |     1 |     2 |     1 ||     4
Armor: Skin              |    35 |    37 |    58 |     7 ||   137
Dodge: Dodged            |   113 |   172 |   324 |    83 ||   692

Table legend:
 A = Non-vault XP
 B = Vault XP
 C = Vault XP percentage of total XP
 D = Non-vault monster count
 E = Vault monster count
 F = Vault count percentage of total count
                 A         B        C        D         E       F
            +---------+---------+-------+---------+---------+-------
      Total |    3704 |    4436 |  54.5 |     150 |      58 |  27.9
            +---------+---------+-------+---------+---------+-------
        D:1 |      47 |       0 |   0.0 |      27 |       0 |   0.0
        D:2 |      81 |      12 |  12.9 |      19 |       3 |  13.6
        D:3 |     173 |      42 |  19.5 |      22 |       3 |  12.0
        D:4 |     535 |       0 |   0.0 |      10 |       0 |   0.0
        D:5 |     765 |    1076 |  58.4 |      33 |       3 |   8.3
        D:6 |     547 |     184 |  25.2 |      16 |       4 |  20.0
        D:7 |     853 |    1948 |  69.5 |      14 |       6 |  30.0
        D:8 |     703 |     610 |  46.5 |       9 |      11 |  55.0
      Sewer |       0 |     564 | 100.0 |       0 |      28 | 100.0
            +---------+---------+-------+---------+---------+-------
